 Dungeon Sprint DCSS version 0.30.1-11-g7821555f0a (webtiles) character file.

Game seed: 6337547372579356666

15362 Groucho the Spry (level 12, -2/67 HPs)
             Began as a Spriggan Enchanter on Dec 20, 2023.
             Was the Champion of Dithmenos.
             Killed from afar by a fire giant (36 damage)
             ... with a fireball
             ... in the Dungeon (Sprint I: "Red Sonja").
             The game lasted 00:22:43 (3643 turns).

Groucho the Spry (Spriggan Enchanter)               Turns: 3643, Time: 00:22:44

Health: -2/67      AC:  4    Str:  4    XL:     12   Next: 0%
Magic:  25/29      EV: 29    Int: 19    God:    Dithmenos [******]
Gold:   247        SH:  0    Dex: 16    Spells: 24/35 levels left

rFire   . . .        p - +5 dagger (protect)
rCold   + . .        (no shield)
rNeg    + . .        a - +2 robe {rC+}
rPois   .            (helmet restricted)
rElec   .            r - scarf {shadows}
rCorr   .            (gloves unavailable)
SInv    +            (boots unavailable)
Will    ++...        (no amulet) Stlth *+++++++++
                     b - ring of positive energy
HPRegen 0.31/turn    (no ring)
MPRegen 0.21/turn

%: no teleportation
@: wreathed by umbra, unable to drink, very quick
A: very small, no large weapons, unfitting armour, see invisible, speed 3, dopey
1, inability to drink after injury 1
a: Renounce Religion, Shadow Step, Shadow Form


You were in the Dungeon.
You worshipped Dithmenos.
Dithmenos was exalted by your worship.
You visited 1 branch You collected 1860 gold pieces.
You spent 1613 gold pieces at shops.

Inventory:

Hand Weapons
 k - a +0 shortbow
 p - a +5 dagger of protection (weapon)
Armour
 a - a +2 robe of cold resistance (worn)
 f - a +0 buckler
 r - a scarf of shadows (worn)
Jewellery
 b - a ring of positive energy (left hand)
Wands
 h - a wand of digging (5)
Scrolls
 i - a scroll of silence {unknown}
 j - a scroll of amnesia {unknown}
 n - a scroll of poison {unknown}
 s - a scroll of magic mapping {unknown}
 y - a scroll of identify
Potions
 c - 2 potions of invisibility
 d - 6 potions of curing
 e - 6 potions of heal wounds
 g - 4 potions of magic
 o - a potion of attraction
 q - 2 potions of might
 t - a potion of flight
 u - a potion of haste
 v - a potion of mutation
 w - a potion of brilliance
 x - a potion of resistance
 z - a potion of degeneration {unknown}
Miscellaneous
 l - a box of beasts
 m - a phial of floods


   Skills:
 - Level 10.0 Fighting
 - Level 10.0 Short Blades
 + Level 12.7 Ranged Weapons
 - Level 2.0 Armour
 - Level 18.0 Dodging
 - Level 15.0 Stealth
 - Level 12.0 Spellcasting
 - Level 5.0 Conjurations
 - Level 15.0 Hexes
 - Level 5.0 Invocations


You had 24 spell levels left.
You knew the following spells:

 Your Spells              Type           Power      Damage    Failure   Level
a - Ensorcelled Hibernat  Hex/Ice        78%        N/A       1%          2
b - Confusing Touch       Hex            62%        N/A       1%          3
c - Dazzling Flash        Conj/Hex       98%        N/A       1%          3
d - Tukima's Dance        Hex            62%        N/A       1%          3

Your spell library contained the following spells:

 Spells                   Type           Power      Damage    Failure   Level
 Volatile Blastmotes      Fire/Tloc      22%        2d11      19%         3
 Iskenderun's Mystic Bla  Conj/Tloc      20%        2d6       22%         4
 Starburst                Conj/Fire      10%        6d5       97%         6


Dungeon Overview and Level Annotations

Branches:
Dungeon (1/1)

Altars:
Cheibriados
Dithmenos
Elyvilon
Fedhas
Gozag
Hepliaklqana
Kikubaaqudgha
Makhleb
Nemelex Xobeh
Okawaru
Qazlal
Ru
Sif Muna
Trog
Uskayaw
Vehumet
Wu Jian
Xom
Yredelemnul
Zin
The Shining One
Jiyva
Lugonu

Shops:
D ?[?[(((?[([[!![(**?[*


Innate Abilities, Weirdness & Mutations

You are very small and have problems with some larger weapons.
You are too small for most types of armour.
You have supernaturally acute eyesight. (SInv)
You cover ground extremely quickly. (Speed+++)
You are dopey. (Int -2)
You occasionally lose the ability to drink potions when taking damage.


Message History

You start waiting.
A fire giant is nearby!
Your +5 dagger of protection goes still.
k - a +0 shortbow (weapon)
Fire: k) +0 shortbow
Press: ? - help, Q - select action, (/) - cycle Shift-Dir - straight line, f - fire giant
Aim: a fire giant, wielding a +1 great sword of flaming (wandering, hasn't noticed you, umbra, 86% to hit)
You shoot an arrow.
The arrow completely misses the fire giant.
Unknown command.
Your +5 dagger of protection hums with potential!
p - a +5 dagger of protection (weapon)
Unknown command.
Unknown command.
You start waiting.
A fire giant is nearby!
Casting: Ensorcelled Hibernation (safe; 1% risk of failure)
Confirm with . or Enter, or press ? or * to list all spells.
Aiming: Ensorcelled Hibernation (safe; 1% risk of failure)
Press: ? - help, Shift-Dir - straight line, f/p - fire giant
Aim: a fire giant, wielding a +1 great sword of flaming (umbra, chance to affect: 17%)
The fire giant resists with almost no effort.
Your shadow mimicks your spell!
The fire giant resists with almost no effort.
The fire giant gestures at you while chanting.
The fireball explodes!
The fireball engulfs you!!
You emit a cloud of dark smoke.
You hear a shout!
Unknown command.
Casting: Ensorcelled Hibernation (safe; 1% risk of failure)
Confirm with . or Enter, or press ? or * to list all spells.
Aiming: Ensorcelled Hibernation (safe; 1% risk of failure)
Press: ? - help, Shift-Dir - straight line, f/p - fire giant
Aim: a fire giant, wielding a +1 great sword of flaming (black smoke, umbra, chance to affect: 17%)
The fire giant resists with almost no effort.
The fire giant points at you and mumbles some strange words.
The fireball explodes!
The fireball engulfs you!!!
You feel threatened and lose the ability to drink potions!
Ouch! That really hurt!
You die...

)..'§§#.#
##§.§#######+#
####.§§§#
###§# !?##
..##+####
#§##$$$# ..#
#§.###$# ..#
##.#A#$# #'###
#..###$# #.'.#
#§##§§$# ###.#
#§§#+### ∩##.#
##@§§# ###.#
###C# .##.#
#.# ..'.# #.#
###.# ####C#
§.#§# ###..)C#
.#§§#
.!#####.C.####
~####
....C..C### ~#
.C..#####


You could see a fire giant.

Vanquished Creatures
  A fire giant (D)
  A hydra (D)
  2 centaur warriors (D)
  Sonja (D)
  A deep troll (D)
  A lindwurm (D)
  An oklob plant (D)
  8 shining eyes (D)
  7 unseen horrors (D)
  4 demonic crawlers (D)
  2 kobold demonologists (D)
  A hornet (D)
  Sigmund (D)
  A slime creature (D)
  A yak (D)
  13 hogs (D)
  2 redbacks (D)
  7 floating eyes (D)
  An ogre (D)
  7 necrophages (D)
  8 jellies (D)
  Ijyb (D)
  A ballistomycete spore (D)
73 creatures vanquished.

Vanquished Creatures (others)
  A ballistomycete spore (D)
1 creature vanquished.

Grand Total: 74 creatures vanquished

Notes
Turn   | Place    | Note
-------+----------+-------------------------------------------
     0 | D        | Groucho the Spriggan Enchanter began the quest for the Orb.
     0 | D        | Reached XP level 1. HP: 9/9 MP: 5/5
     2 | D        | Noticed Ijyb
     8 | D        | Killed Ijyb
     9 | D        | Reached skill level 5 in Hexes
     9 | D        | Reached XP level 2. HP: 11/13 MP: 7/7
   256 | D        | Noticed an ogre
   258 | D        | Killed an ogre
   259 | D        | Reached skill level 10 in Stealth
   259 | D        | Reached XP level 3. HP: 16/16 MP: 8/8
   259 | D        | Reached XP level 4. HP: 21/21 MP: 9/9
   272 | D        | Noticed Sigmund
   274 | D        | Killed Sigmund
   275 | D        | Reached XP level 5. HP: 24/24 MP: 10/10
   275 | D        | Reached XP level 6. HP: 28/28 MP: 11/11
   288 | D        | Found an ornate altar of the Wu Jian Council.
   288 | D        | Found a shimmering blue altar of Sif Muna.
   290 | D        | Found a radiant altar of Vehumet.
   316 | D        | Found Luynukh's Antique Armour Emporium.
   316 | D        | Found an ancient bone altar of Kikubaaqudgha.
   316 | D        | Found a hazy altar of Hepliaklqana.
   316 | D        | Found a stormy altar of Qazlal.
   316 | D        | Found a hide-covered altar of Uskayaw.
   316 | D        | Found a blossoming altar of Fedhas.
   316 | D        | Found a bloodstained altar of Trog.
   316 | D        | Found an iron altar of Okawaru.
   316 | D        | Found a basalt altar of Yredelemnul.
   316 | D        | Found a glowing golden altar of the Shining One.
   316 | D        | Found a snail-covered altar of Cheibriados.
   316 | D        | Found a sacrificial altar of Ru.
   316 | D        | Found a glowing silver altar of Zin.
   316 | D        | Found a shadowy altar of Dithmenos.
   316 | D        | Found a white marble altar of Elyvilon.
   316 | D        | Noticed a yak
   317 | D        | Found an opulent altar of Gozag.
   318 | D        | Killed a yak
   319 | D        | Reached skill level 15 in Stealth
   319 | D        | Found a sparkling altar of Nemelex Xobeh.
   325 | D        | Became a worshipper of Dithmenos the Shadowed
   369 | D        | Found a burning altar of Makhleb.
   369 | D        | Found a shimmering altar of Xom.
   369 | D        | Noticed a slime creature
   370 | D        | Found a viscous altar of Jiyva.
   370 | D        | Found a corrupted altar of Lugonu.
   376 | D        | Killed a slime creature
   377 | D        | Reached XP level 7. HP: 30/32 MP: 12/12
   398 | D        | Learned a level 2 spell: Ensorcelled Hibernation
   402 | D        | Learned a level 3 spell: Confusing Touch
   406 | D        | Learned a level 3 spell: Dazzling Flash
   410 | D        | Learned a level 3 spell: Tukima's Dance
   413 | D        | Noticed a centaur warrior
   421 | D        | Noticed a centaur warrior
   422 | D        | Killed a centaur warrior
   423 | D        | Reached skill level 5 in Fighting
   423 | D        | Reached skill level 5 in Short Blades
   423 | D        | Reached skill level 5 in Dodging
   423 | D        | Reached skill level 15 in Hexes
   423 | D        | Reached skill level 5 in Spellcasting
   423 | D        | Reached XP level 8. HP: 43/43 MP: 12/17
   423 | D        | Killed a centaur warrior
   423 | D        | Reached * piety under Dithmenos
   437 | D        | Noticed a hornet
   440 | D        | Killed a hornet
   441 | D        | Reached XP level 9. HP: 47/47 MP: 14/26
   780 | D        | Noticed an oklob plant
   782 | D        | Killed an oklob plant
   788 | D        | Reached ** piety under Dithmenos
   794 | D        | Reached skill level 10 in Short Blades
   820 | D        | Noticed an unseen horror
   820 | D        | Noticed an unseen horror
   825 | D        | Killed an unseen horror
   825 | D        | Reached *** piety under Dithmenos
   827 | D        | Killed an unseen horror
   847 | D        | Reached **** piety under Dithmenos
   874 | D        | Reached ***** piety under Dithmenos
   982 | D        | Reached XP level 10. HP: 58/58 MP: 27/27
   999 | D        | Found Unyfaene's Magic Scroll Shoppe.
   999 | D        | Found Puasoc's Antique Weapon Shop.
   999 | D        | Found Tuveantu's Armour Boutique.
  1001 | D        | Found Eherev's Antique Weapon Emporium.
  1001 | D        | Found Temuh's Antique Armour Shop.
  1001 | D        | Found Haejapn's Antique Armour Shoppe.
  1001 | D        | Found Joeptem's Distillery.
  1001 | D        | Found Qiatepog's Distillery.
  1001 | D        | Found Pixuat's Antique Armour Shop.
  1001 | D        | Found Pusev Xupn's Weapon Shoppe.
  1013 | D        | Found Beta's General Store.
  1014 | D        | Found Laseum's Magic Scroll Emporium.
  1014 | D        | Found Bieconas's Assorted Antiques.
  1015 | D        | Found Urhebakh's Assorted Antiques.
  1038 | D        | Bought a glowing dagger for 130 gold pieces
  1041 | D        | Bought a +2 robe of cold resistance for 212 gold pieces
  1062 | D        | Bought an iron ring for 125 gold pieces
  1098 | D        | Noticed a deep troll
  1100 | D        | Killed a deep troll
  1101 | D        | Reached skill level 10 in Fighting
  1112 | D        | Found Yttori's Armour Emporium.
  1117 | D        | Bought a scarf of shadows for 168 gold pieces
  1129 | D        | Noticed Sonja
  1132 | D        | Killed Sonja
  1133 | D        | Reached skill level 5 in Invocations
  1147 | D        | Found Edicsoc's Magic Scroll Boutique.
  1249 | D        | Reached ****** piety under Dithmenos
  1252 | D        | Reached skill level 5 in Conjurations
  1252 | D        | Reached skill level 6 in Dodging
  1253 | D        | Noticed a demonic crawler
  1253 | D        | Noticed a demonic crawler
  1253 | D        | Noticed a demonic crawler
  1253 | D        | Noticed a demonic crawler
  1292 | D        | Killed a demonic crawler
  1293 | D        | Reached skill level 8 in Dodging
  1298 | D        | Killed a demonic crawler
  1299 | D        | Reached skill level 9 in Dodging
  1308 | D        | Killed a demonic crawler
  1309 | D        | Reached skill level 10 in Dodging
  1312 | D        | Killed a demonic crawler
  1313 | D        | Reached skill level 11 in Dodging
  1745 | D        | Noticed a lindwurm
  1748 | D        | Killed a lindwurm
  1749 | D        | Reached skill level 13 in Dodging
  1791 | D        | Reached skill level 14 in Dodging
  1791 | D        | Reached XP level 11. HP: 63/63 MP: 21/28
  1820 | D        | Reached skill level 15 in Dodging
  1854 | D        | Reached skill level 16 in Dodging
  2267 | D        | Noticed a 12-headed hydra
  2269 | D        | Killed a 12-headed hydra
  2270 | D        | Reached skill level 17 in Dodging
  2325 | D        | Noticed a shining eye
  2325 | D        | Noticed a shining eye
  2330 | D        | Noticed a shining eye
  2355 | D        | Killed a shining eye
  2356 | D        | Reached skill level 18 in Dodging
  2356 | D        | Reached skill level 1 in Armour
  2515 | D        | Noticed a shining eye
  2526 | D        | Killed a shining eye
  2553 | D        | Killed a shining eye
  2554 | D        | Reached skill level 5 in Ranged Weapons
  2577 | D        | Gained mutation: You occasionally lose the ability to drink
                  | potions when taking damage. [a shining eye]
  2593 | D        | Gained mutation: You are dopey. (Int -2) [a shining eye]
  2595 | D        | Killed a shining eye
  2965 | D        | Noticed a shining eye
  2965 | D        | Noticed a shining eye
  2965 | D        | Noticed a shining eye
  2965 | D        | Noticed a shining eye
  2969 | D        | Killed a shining eye
  2971 | D        | Killed a shining eye
  2973 | D        | Killed a shining eye
  2978 | D        | Killed a shining eye
  2980 | D        | Found Fyrakaapn's Armour Shoppe.
  2980 | D        | Found Picem's Weapon Boutique.
  2980 | D        | Found Lesievaw's Magic Scroll Emporium.
  2981 | D        | Found Fegothryziu's Weapon Shop.
  2997 | D        | Bought a +0 buckler for 45 gold pieces
  3055 | D        | Bought a potion of flight for 33 gold pieces
  3055 | D        | Bought a potion of haste for 110 gold pieces
  3055 | D        | Bought 2 potions of heal wounds for 110 gold pieces
  3055 | D        | Bought a potion of mutation for 88 gold pieces
  3056 | D        | Bought a potion of brilliance for 48 gold pieces
  3056 | D        | Bought a potion of heal wounds for 60 gold pieces
  3056 | D        | Bought a potion of might for 48 gold pieces
  3056 | D        | Bought a potion of resistance for 120 gold pieces
  3056 | D        | Bought 2 potions of magic for 192 gold pieces
  3056 | D        | Bought a potion of heal wounds for 60 gold pieces
  3056 | D        | Bought a potion of curing for 36 gold pieces
  3070 | D        | Bought a scroll of identify for 28 gold pieces
  3126 | D        | Noticed a daeva
  3133 | D        | Reached skill level 10 in Ranged Weapons
  3145 | D        | Noticed a fire giant
  3573 | D        | Killed a fire giant
  3574 | D        | Reached XP level 12. HP: 55/67 MP: 26/29
  3580 | D        | Noticed a fire giant
  3580 | D        | Noticed a fire giant
  3624 | D        | Noticed a fire giant
  3643 | D        | Killed from afar by a fire giant

Illustrated notes

Levels and vault maps discovered:
D:        dungeon_sprint_1 [red_sonja_temple_1, red_sonja_temple_small_1]

Skill      XL: |  1  2  3  4  5  6  7  8  9 10 11 |
---------------+----------------------------------+-----
Stealth        | 7 10 14 15 | 15.0
Spellcasting   | 3 5 12 | 12.0
Hexes          | 5 8 11 14 15 | 15.0
Fighting       | 5 9 10 | 10.0
Short Blades   | 5 6 10 | 10.0
Dodging        | 5 14 18 | 18.0
Invocations    | 5 |  5.0
Conjurations   | 5 |  5.0
Armour         | 2 |  2.0
Ranged Weapons | 12 | 12.7

Action                     |  1- 3 |  4- 6 |  7- 9 | 10-12 || total
---------------------------+-------+-------+-------+-------++-------
  Melee: Dagger            |     4 |     6 |    44 |   191 ||   245
         Punch             |       |       |       |     2 ||     2
   Fire: Shortbow          |       |       |       |     7 ||     7
   Cast: Confusing Touch   |       |       |     5 |       ||     5
         Ensorcelled Hiber |       |       |     4 |    12 ||    16
         Dazzling Flash    |       |       |       |    18 ||    18
 Invoke: Shadow Step       |       |       |       |     2 ||     2
  Evoke: Wand              |       |       |       |     1 ||     1
    Use: Potion            |     1 |       |       |     3 ||     4
         Scroll            |       |       |     1 |     1 ||     2
   Stab: Sleeping          |     2 |     4 |    18 |    25 ||    49
         Confused          |       |       |     5 |       ||     5
         Invisible         |       |       |       |    13 ||    13
 Armour: Robe              |       |       |     1 |    15 ||    16
  Dodge: Dodged            |     1 |     2 |    18 |   117 ||   138
